Login

Bunnies vs Cunts

Created - February 4, 2024 at 11:48

Goals
1 2 3 T
Bunnies 2 1 1 4
Cunts 2 0 1 3
Shots
1 2 3 T
Bunnies 11 18 9 38
Cunts 12 8 22 42

GoalsPenalties
1st period
1. Bunnies , David Savard 5 (Jeff Petry 16, Nick Suzuki 20) at 5:09 (PP)
2. Bunnies , Tyler Seguin 3 (Nipples Tenderloin 21) at 11:33
3. Cunts , Blake Wheeler 10 (Andrew Peeke 12, Luke Schenn 11) at 15:39
4. Cunts , Andre Burakovsky 10 (Brock Boeser 12, Gabriel Vilardi 11) at 19:14
Matt Duchene (KOK) for Tripping (Minor) at 2:18
Oliver Ekman-Larsson (CUN) for Hooking (Minor) at 4:51
Luke Schenn (CUN) for Hooking (Minor) at 16:56
2nd period
5. Bunnies , Nazem Kadri 7 (Brayden Schenn 9, Nick Jensen 4) at 3:39
Luke Schenn (CUN) for Holding (Minor) at 6:56
3rd period
6. Cunts , Brock Boeser 9 (Gabriel Vilardi 12, Jake McCabe 9) at 1:06 (PP)
7. Bunnies , Matt Duchene 13 (Johnny Gaudreau 22, David Savard 17) at 5:43 (PP)
Jeff Petry (KOK) for Interference (Minor) at 0:53
Jonathan Drouin (CUN) for Hooking (Minor) at 4:32
Radko Gudas (KOK) for Goalie Interference (Minor) at 7:08
Filip Hronek (KOK) for Hooking (Minor) at 16:47
Goalie Stats
Semyon Varlamov (KOK), 39 saves from 42 shots - (0.929), W, 3-1-0, 60:00 minutes
Darcy Kuemper (CUN), 34 saves from 38 shots - (0.895), L, 18-17-6, 58:55 minutes
3 StarsOfficial
1 - David Savard (KOK)
2 - Brock Boeser (CUN)
3 - Nazem Kadri (KOK)
Referees : Unknown
Linesman : Unknown
Game Note
No Game Note
Finance
Level 1 -- Attendance: 4731 (78.85%) -- Ticket Income $473,100
Level 2 -- Attendance: 4048 (80.96%) -- Ticket Income $242,880
Level 3 -- Attendance: 1424 (71.20%) -- Ticket Income $49,840
Level 4 -- Attendance: 2991 (74.78%) -- Ticket Income $74,775
Luxury Box -- Attendance: 1000 (100.00%) -- Ticket Income $200,000
Game was played at the Taint Centre.
Total Attendance: 14194 (78.86%)
Total Ticket Income: $1,040,595
Other Income: $416,238
Total Income: $1,456,833



Team Name Goals Shots Shots Attemp Shots Blocked PIM HIT PP PK FO%
Bunnies 43873108162 / 4 (50%)158%
Cunts 3429398221 / 4 (25%)242%

Bunnies
Player Name POS G A P +/- PIM HIT SHT SB MP PP MP PP SHT PK MP PK SHT FO% FOT
Anthony DeangeloD000000000:140:0000:1400% 0
Brayden SchennC/LW0111023018:230:0000:47063% 16
Brenden DillonD000-1011319:133:0503:3900% 0
David SavardD1120013118:132:2221:4400% 0
Erik KarlssonD000-101006:340:0001:1300% 0
Filip HronekD0002211118:010:0001:3600% 0
Jamie BennC/LW000-1013015:252:4800:00050% 14
Jeff PetryD011-1220223:332:2201:4400% 0
Johnny GaudreauLW0110012122:422:4803:0800% 1
Matt DucheneC/RW101-1213015:242:4810:0000% 1
Nazem KadriC/LW1011015019:110:0001:35050% 4
Nick JensenD0112002116:260:0000:0000% 0
Nick SuzukiC0110002018:102:3901:49066% 29
Nipples TenderloinLW/RW0110006023:142:3912:25025% 4
Radko GudasD000-1232117:433:0512:1000% 0
Rickard RakellLW/RW000-1012018:292:3901:490100% 1
Tyler SeguinC/RW101000205:150:0000:47070% 10
Vladimir TarasenkoLW/RW0001001017:360:0000:0000% 1
Cunts
Player Name POS G A P +/- PIM HIT SHT SB MP PP MP PP SHT PK MP PK SHT FO% FOT
Andre BurakovskyLW/RW1011004021:193:0502:2000% 3
Andrew PeekeD0110011220:232:5813:0600% 0
Artemi PanarinLW000-1023023:093:0522:55036% 11
Blake WheelerRW1010004015:200:0000:00050% 2
Bo HorvatC000-1006023:153:0533:01058% 24
Brock BoeserRW1121003018:593:0520:0000% 3
Dylan DeMeloD0000013113:520:0000:0600% 0
Gabriel VilardiC/RW0221023018:593:0510:00033% 18
Jake McCabeD0110012318:263:1212:1500% 0
Jonathan DrouinLW/RW000021105:090:0000:0000% 0
Justin HollD0000001218:263:1202:1500% 0
Keegan KolesarC/LW/RW0000031015:380:0000:1800% 2
Luke GlendeningC/RW0000001015:200:0000:00040% 15
Luke SchennD0110451018:092:5800:5400% 0
Oliver Ekman-LarssonD000020007:180:0000:0000% 0
Rod TapperC/RW000-1036017:243:0522:200100% 3
Sean DurziD000003007:530:0000:3400% 0
Travis SanheimD0000002115:300:0001:4400% 0

Bunnies

5 vs 5 Forward
Line #Left WingCenterRight WingPHYDFOFWanted %Time %Time Play
1Nipples TenderloinNick SuzukiRickard Rakell1223028%13:14
2Johnny GaudreauJamie BennMatt Duchene1222826%12:37
3Nazem KadriBrayden SchennVladimir Tarasenko1222637%17:36
4Nipples TenderloinTyler SeguinJohnny Gaudreau122169%4:28
5 vs 5 Defense
Line #DefenseDefensePHYDFOFWanted %Time %Time Play
1Jeff PetryDavid Savard1223028%13:39
2Brenden DillonRadko Gudas1222826%12:29
3Nick JensenFilip Hronek1222634%16:26
4Erik KarlssonJeff Petry1221611%5:21
Power Play Forward
Line #Left WingCenterRight WingPHYDFOFWanted %Time %Time Play
1Nipples TenderloinNick SuzukiRickard Rakell1225549%2:39
2Johnny GaudreauJamie BennMatt Duchene1224551%2:48
Power Play Defense
Line #DefenseDefensePHYDFOFWanted %Time %Time Play
1Jeff PetryDavid Savard1225543%2:22
2Brenden DillonRadko Gudas1224557%3:05
Penalty Kill 4 Players Forward
Line #CenterWingPHYDFOFWanted %Time %Time Play
1Nipples TenderloinJohnny Gaudreau1225560%3:41
2Nick SuzukiRickard Rakell1224540%2:29
Penalty Kill 4 Players Defense
Line #DefenseDefensePHYDFOFWanted %Time %Time Play
1Jeff PetryDavid Savard1225535%2:11
2Brenden DillonRadko Gudas1224565%3:59
Penalty Kill 3 Players
Line #WingPHYDFOFWanted %Time %Time PlayDefenseDefensePHYDFOFWanted %Time %Time Play
1Nipples Tenderloin122550%0:00 Jeff PetryDavid Savard122550%0:00
2Johnny Gaudreau122450%0:00 Brenden DillonRadko Gudas122450%0:00
4 vs 4 Forward
Line #CenterWingPHYDFOFWanted %Time %Time Play
1Nipples TenderloinJohnny Gaudreau122550%0:00
2Nick SuzukiRickard Rakell122450%0:00
4 vs 4 Defense
Line #DefensePHYDFOFWanted %Time %Time Play
1Jeff PetryDavid Savard122550%0:00
2Brenden DillonRadko Gudas122450%0:00
Last Minutes Offensive
Left WingCenterRight WingDefenseDefense
Nipples TenderloinNick SuzukiRickard RakellJeff PetryDavid Savard
Last Minutes Defensive
Left WingCenterRight WingDefenseDefense
Nipples TenderloinNick SuzukiRickard RakellJeff PetryDavid Savard
Time
Total ForwardTotal DefenseLast Minutes OffensiveLast Minutes Defensive
60:00 60:00 0:000:28
Extra Forwards
Normal PowerPlayPenalty Kill
Nipples Tenderloin, Brayden Schenn, Nazem KadriNipples Tenderloin, Brayden SchennNazem Kadri
Extra Defensemen
Normal PowerPlayPenalty Kill
Nick Jensen, Filip Hronek, Erik KarlssonNick Jensen, Filip HronekErik Karlsson
Penalty Shots
Nipples Tenderloin, Johnny Gaudreau, Nick Suzuki, Rickard Rakell, Jamie Benn
Goalie
Semyon Varlamov, Joonas Korpisalo
Custom OT Lines Forwards
Nipples Tenderloin, Johnny Gaudreau, Nick Suzuki, Rickard Rakell, Jamie Benn, Matt Duchene, Brayden Schenn, Nazem Kadri, Vladimir Tarasenko, Tyler Seguin
Custom OT Lines Defensemen
Jeff Petry, David Savard, Brenden Dillon, Radko Gudas, Nick Jensen
Scratches
Mason Appleton (Healthy)

Cunts

5 vs 5 Forward
Line #Left WingCenterRight WingPHYDFOFWanted %Time %Time Play
1Artemi PanarinBo HorvatRod Tapper1223024%11:48
2Andre BurakovskyGabriel VilardiBrock Boeser1222833%15:54
3Keegan KolesarLuke GlendeningBlake Wheeler1222632%15:20
4Jonathan DrouinArtemi PanarinBo Horvat1221611%5:10
5 vs 5 Defense
Line #DefenseDefensePHYDFOFWanted %Time %Time Play
1Luke SchennAndrew Peeke1223029%14:08
2Justin HollJake McCabe1222827%12:59
3Dylan DeMeloTravis Sanheim1222629%13:46
4Sean DurziOliver Ekman-Larsson1221615%7:19
Power Play Forward
Line #Left WingCenterRight WingPHYDFOFWanted %Time %Time Play
1Artemi PanarinBo HorvatRod Tapper1225550%3:05
2Andre BurakovskyGabriel VilardiBrock Boeser1224550%3:05
Power Play Defense
Line #DefenseDefensePHYDFOFWanted %Time %Time Play
1Luke SchennAndrew Peeke1225548%2:58
2Justin HollJake McCabe1224552%3:12
Penalty Kill 4 Players Forward
Line #CenterWingPHYDFOFWanted %Time %Time Play
1Artemi PanarinBo Horvat1225557%3:07
2Rod TapperAndre Burakovsky1224543%2:20
Penalty Kill 4 Players Defense
Line #DefenseDefensePHYDFOFWanted %Time %Time Play
1Luke SchennAndrew Peeke1225559%3:12
2Justin HollJake McCabe1224541%2:15
Penalty Kill 3 Players
Line #WingPHYDFOFWanted %Time %Time PlayDefenseDefensePHYDFOFWanted %Time %Time Play
1Artemi Panarin122550%0:00 Luke SchennAndrew Peeke122550%0:00
2Bo Horvat122450%0:00 Justin HollJake McCabe122450%0:00
4 vs 4 Forward
Line #CenterWingPHYDFOFWanted %Time %Time Play
1Artemi PanarinBo Horvat122550%0:00
2Rod TapperAndre Burakovsky122450%0:00
4 vs 4 Defense
Line #DefensePHYDFOFWanted %Time %Time Play
1Luke SchennAndrew Peeke122550%0:00
2Justin HollJake McCabe122450%0:00
Last Minutes Offensive
Left WingCenterRight WingDefenseDefense
Artemi PanarinBo HorvatRod TapperLuke SchennAndrew Peeke
Last Minutes Defensive
Left WingCenterRight WingDefenseDefense
Artemi PanarinBo HorvatRod TapperLuke SchennAndrew Peeke
Time
Total ForwardTotal DefenseLast Minutes OffensiveLast Minutes Defensive
60:00 60:00 0:110:00
Extra Forwards
Normal PowerPlayPenalty Kill
Blake Wheeler, Luke Glendening, Keegan KolesarBlake Wheeler, Luke GlendeningKeegan Kolesar
Extra Defensemen
Normal PowerPlayPenalty Kill
Dylan DeMelo, Travis Sanheim, Sean DurziDylan DeMelo, Travis SanheimSean Durzi
Penalty Shots
Artemi Panarin, Bo Horvat, Rod Tapper, Andre Burakovsky, Brock Boeser
Goalie
Darcy Kuemper, Alex Nedeljkovic
Custom OT Lines Forwards
Artemi Panarin, Bo Horvat, Rod Tapper, Andre Burakovsky, Brock Boeser, Gabriel Vilardi, Blake Wheeler, Luke Glendening, Keegan Kolesar, Jonathan Drouin
Custom OT Lines Defensemen
Luke Schenn, Andrew Peeke, Justin Holl, Jake McCabe, Dylan DeMelo
Scratches
Alex Newhook (Healthy), Tyler Myers (Healthy), Guillaume Brisebois (Healthy)


Play-by-Play

1st period


0:01 of 1st period - Bo Horvat wins face-off versus Nick Suzuki in neutral zone.
0:23 of 1st period - Icing by David Savard.
0:24 of 1st period - Nick Suzuki wins face-off versus Brock Boeser in Bunnies zone.
0:46 of 1st period - Shot by Nipples Tenderloin.
0:46 of 1st period - Shot Blocked by Justin Holl.
1:47 of 1st period - Shot by Blake Wheeler.
1:47 of 1st period - Shot Misses the Net.
1:54 of 1st period - Icing by David Savard.
1:55 of 1st period - Nick Suzuki wins face-off versus Artemi Panarin in Bunnies zone.
1:55 of 1st period - Nick Suzuki is hit by Artemi Panarin.
2:18 of 1st period - Minor Penalty to Matt Duchene for Tripping.
2:19 of 1st period - Nazem Kadri wins face-off versus Gabriel Vilardi in Bunnies zone.
3:11 of 1st period - Off-side.
3:12 of 1st period - Bo Horvat wins face-off versus Tyler Seguin in neutral zone.
4:07 of 1st period - Brayden Schenn is hit by Gabriel Vilardi and loses puck.
4:14 of 1st period - Shot by Brock Boeser.
4:14 of 1st period - Stopped by Semyon Varlamov without a rebound.
4:15 of 1st period - Nick Suzuki wins face-off versus Bo Horvat in Bunnies zone.
4:26 of 1st period - Shot by Dylan DeMelo.
4:26 of 1st period - Stopped by Semyon Varlamov without a rebound.
4:27 of 1st period - Luke Glendening wins face-off versus Jamie Benn in Bunnies zone.
4:28 of 1st period - Shot by Blake Wheeler.
4:28 of 1st period - Shot Misses the Net.
4:51 of 1st period - Minor Penalty to Oliver Ekman-Larsson for Hooking.
4:52 of 1st period - Nick Suzuki wins face-off versus Artemi Panarin in Cunts zone.
5:05 of 1st period - Shot by Nick Suzuki.
5:05 of 1st period - Shot Misses the Net.
5:07 of 1st period - Shot by Jeff Petry.
5:07 of 1st period - Shot Misses the Net.
5:09 of 1st period - Shot by David Savard.
5:09 of 1st period - Goal by David Savard - Bunnies : 1 - Cunts : 0.
5:10 of 1st period - Brayden Schenn wins face-off versus Gabriel Vilardi in neutral zone.
5:27 of 1st period - Shot by Vladimir Tarasenko.
5:27 of 1st period - Shot Blocked by Jake McCabe.
5:29 of 1st period - Shot by Nazem Kadri.
5:29 of 1st period - Shot Misses the Net.
5:41 of 1st period - Shot by Nazem Kadri.
5:41 of 1st period - Stopped by Darcy Kuemper with a rebound.
5:43 of 1st period - Shot by Radko Gudas.
5:43 of 1st period - Stopped by Darcy Kuemper without a rebound.
5:44 of 1st period - Jamie Benn wins face-off versus Bo Horvat in Cunts zone.
5:44 of 1st period - Filip Hronek is hit by Luke Schenn and loses puck.
6:02 of 1st period - Off-side.
6:03 of 1st period - Nick Suzuki wins face-off versus Keegan Kolesar in neutral zone.
6:30 of 1st period - Shot by Luke Glendening.
6:30 of 1st period - Shot Misses the Net.
6:32 of 1st period - Shot by Dylan DeMelo.
6:32 of 1st period - Stopped by Semyon Varlamov without a rebound.
6:33 of 1st period - Bo Horvat wins face-off versus Brayden Schenn in Bunnies zone.
6:36 of 1st period - Shot by Bo Horvat.
6:36 of 1st period - Shot Misses the Net.
6:38 of 1st period - Shot by Rod Tapper.
6:38 of 1st period - Shot Misses the Net.
6:40 of 1st period - Shot by Rod Tapper.
6:40 of 1st period - Stopped by Semyon Varlamov without a rebound.
6:41 of 1st period - Brayden Schenn wins face-off versus Bo Horvat in Bunnies zone.
6:45 of 1st period - Icing by Nazem Kadri.
6:46 of 1st period - Brayden Schenn wins face-off versus Bo Horvat in Bunnies zone.
7:10 of 1st period - Bo Horvat is hit by Radko Gudas.
7:24 of 1st period - Shot by Bo Horvat.
7:24 of 1st period - Shot Blocked by Radko Gudas.
9:14 of 1st period - Erik Karlsson is hit by Keegan Kolesar and loses puck.
9:19 of 1st period - Shot by Blake Wheeler.
9:19 of 1st period - Shot Misses the Net.
9:53 of 1st period - Shot by Rod Tapper.
9:53 of 1st period - Stopped by Semyon Varlamov without a rebound.
9:54 of 1st period - Artemi Panarin wins face-off versus Brayden Schenn in Bunnies zone.
9:55 of 1st period - Shot by Bo Horvat.
9:55 of 1st period - Shot Misses the Net.
9:57 of 1st period - Shot by Bo Horvat.
9:57 of 1st period - Shot Blocked by Brenden Dillon.
9:59 of 1st period - Shot by Sean Durzi.
9:59 of 1st period - Shot Blocked by Brenden Dillon.
10:01 of 1st period - Shot by Bo Horvat.
10:01 of 1st period - Stopped by Semyon Varlamov with a rebound.
10:03 of 1st period - Shot by Jonathan Drouin.
10:03 of 1st period - Shot Misses the Net.
11:11 of 1st period - Shot by Jamie Benn.
11:11 of 1st period - Stopped by Darcy Kuemper without a rebound.
11:12 of 1st period - Nick Suzuki wins face-off versus Gabriel Vilardi in Cunts zone.
11:27 of 1st period - Shot by Nick Suzuki.
11:27 of 1st period - Stopped by Darcy Kuemper without a rebound.
11:28 of 1st period - Tyler Seguin wins face-off versus Bo Horvat in Cunts zone.
11:31 of 1st period - Shot by Nipples Tenderloin.
11:31 of 1st period - Stopped by Darcy Kuemper with a rebound.
11:33 of 1st period - Shot by Tyler Seguin.
11:33 of 1st period - Goal by Tyler Seguin - Bunnies : 2 - Cunts : 0.
11:34 of 1st period - Tyler Seguin wins face-off versus Gabriel Vilardi in neutral zone.
12:01 of 1st period - Shot by Nipples Tenderloin.
12:01 of 1st period - Shot Misses the Net.
12:51 of 1st period - Shot by Rod Tapper.
12:51 of 1st period - Stopped by Semyon Varlamov with a rebound.
13:40 of 1st period - Nick Jensen is hit by Keegan Kolesar and loses puck.
14:58 of 1st period - Shot by Andre Burakovsky.
14:58 of 1st period - Shot Misses the Net.
15:00 of 1st period - Shot by Dylan DeMelo.
15:00 of 1st period - Shot Misses the Net.
15:08 of 1st period - Shot by Andre Burakovsky.
15:08 of 1st period - Stopped by Semyon Varlamov with a rebound.
15:10 of 1st period - Shot by Travis Sanheim.
15:10 of 1st period - Stopped by Semyon Varlamov without a rebound.
15:11 of 1st period - Jamie Benn wins face-off versus Luke Glendening in Bunnies zone.
15:11 of 1st period - Jamie Benn is hit by Keegan Kolesar.
15:21 of 1st period - Shot by Johnny Gaudreau.
15:21 of 1st period - Stopped by Darcy Kuemper with a rebound.
15:31 of 1st period - Shot by Blake Wheeler.
15:31 of 1st period - Stopped by Semyon Varlamov with a rebound.
15:39 of 1st period - Shot by Blake Wheeler.
15:39 of 1st period - Goal by Blake Wheeler - Bunnies : 2 - Cunts : 1.
15:40 of 1st period - Bo Horvat wins face-off versus Nick Suzuki in neutral zone.
15:45 of 1st period - Shot by Rod Tapper.
15:45 of 1st period - Shot Misses the Net.
16:46 of 1st period - Shot by Matt Duchene.
16:46 of 1st period - Stopped by Darcy Kuemper without a rebound.
16:47 of 1st period - Jamie Benn wins face-off versus Luke Glendening in Cunts zone.
16:51 of 1st period - Johnny Gaudreau is hit by Luke Schenn and loses puck.
16:56 of 1st period - Shot by Jamie Benn.
16:56 of 1st period - Stopped by Darcy Kuemper without a rebound.
16:56 of 1st period - Minor Penalty to Luke Schenn for Hooking.
16:57 of 1st period - Rod Tapper wins face-off versus Jamie Benn in Cunts zone.
17:29 of 1st period - Shot by Jamie Benn.
17:29 of 1st period - Shot Misses the Net.
17:31 of 1st period - Shot by Radko Gudas.
17:31 of 1st period - Stopped by Darcy Kuemper with a rebound.
17:33 of 1st period - Shot by Brenden Dillon.
17:33 of 1st period - Shot Blocked by Jake McCabe.
17:57 of 1st period - Shot by Rickard Rakell.
17:57 of 1st period - Shot Misses the Net.
18:45 of 1st period - Shot by Johnny Gaudreau.
18:45 of 1st period - Shot Misses the Net.
19:04 of 1st period - Icing by Tyler Seguin.
19:05 of 1st period - Gabriel Vilardi wins face-off versus Tyler Seguin in Bunnies zone.
19:07 of 1st period - Brock Boeser is hit by Erik Karlsson and loses puck.
19:14 of 1st period - Shot by Andre Burakovsky.
19:14 of 1st period - Goal by Andre Burakovsky - Bunnies : 2 - Cunts : 2.
19:15 of 1st period - Brayden Schenn wins face-off versus Luke Glendening in neutral zone.
Goals for this period are 2 for Bunnies vs 2 for Cunts.
Shots for this period are 11 for Bunnies vs 12 for Cunts.

2nd period


0:01 of 2nd period - Bo Horvat wins face-off versus Jamie Benn in neutral zone.
0:25 of 2nd period - Jamie Benn is hit by Luke Schenn and loses puck.
1:13 of 2nd period - Nipples Tenderloin is hit by Dylan DeMelo and loses puck.
1:30 of 2nd period - Shot by Rickard Rakell.
1:30 of 2nd period - Shot Blocked by Dylan DeMelo.
2:15 of 2nd period - Shot by Brayden Schenn.
2:15 of 2nd period - Stopped by Darcy Kuemper with a rebound.
2:17 of 2nd period - Shot by Nazem Kadri.
2:17 of 2nd period - Stopped by Darcy Kuemper without a rebound.
2:18 of 2nd period - Tyler Seguin wins face-off versus Artemi Panarin in Cunts zone.
2:36 of 2nd period - Shot by Nipples Tenderloin.
2:36 of 2nd period - Deflect By Tyler Seguin.
2:36 of 2nd period - Stopped by Darcy Kuemper without a rebound.
2:37 of 2nd period - Jamie Benn wins face-off versus Luke Glendening in Cunts zone.
2:42 of 2nd period - Shot by Jamie Benn.
2:42 of 2nd period - Stopped by Darcy Kuemper with a rebound.
2:48 of 2nd period - Shot by Jamie Benn.
2:48 of 2nd period - Shot Blocked by Andrew Peeke.
2:50 of 2nd period - Shot by Radko Gudas.
2:50 of 2nd period - Shot Misses the Net.
3:04 of 2nd period - Luke Glendening is hit by Johnny Gaudreau and loses puck.
3:10 of 2nd period - Matt Duchene is hit by Luke Schenn and loses puck.
3:39 of 2nd period - Shot by Nazem Kadri.
3:39 of 2nd period - Goal by Nazem Kadri - Bunnies : 3 - Cunts : 2.
3:40 of 2nd period - Bo Horvat wins face-off versus Nick Suzuki in neutral zone.
3:55 of 2nd period - Shot by Nipples Tenderloin.
3:55 of 2nd period - Stopped by Darcy Kuemper without a rebound.
3:56 of 2nd period - Nazem Kadri wins face-off versus Gabriel Vilardi in Cunts zone.
4:09 of 2nd period - Shot by Brayden Schenn.
4:09 of 2nd period - Stopped by Darcy Kuemper with a rebound.
4:21 of 2nd period - Shot by Vladimir Tarasenko.
4:21 of 2nd period - Shot Misses the Net.
4:25 of 2nd period - Shot by Nazem Kadri.
4:25 of 2nd period - Stopped by Darcy Kuemper with a rebound.
4:27 of 2nd period - Shot by Brayden Schenn.
4:27 of 2nd period - Deflect By Nazem Kadri.
4:27 of 2nd period - Stopped by Darcy Kuemper with a rebound.
4:29 of 2nd period - Shot by Filip Hronek.
4:29 of 2nd period - Stopped by Darcy Kuemper without a rebound.
4:30 of 2nd period - Bo Horvat wins face-off versus Nick Suzuki in Cunts zone.
4:37 of 2nd period - Shot by Rod Tapper.
4:37 of 2nd period - Stopped by Semyon Varlamov with a rebound.
4:39 of 2nd period - Shot by Justin Holl.
4:39 of 2nd period - Shot Hit the Post.
4:41 of 2nd period - Shot by Justin Holl.
4:41 of 2nd period - Stopped by Semyon Varlamov without a rebound.
4:42 of 2nd period - Jamie Benn wins face-off versus Artemi Panarin in Bunnies zone.
5:24 of 2nd period - Sean Durzi is hit by Radko Gudas and loses puck.
6:05 of 2nd period - Shot by Nick Suzuki.
6:05 of 2nd period - Shot Blocked by Justin Holl.
6:07 of 2nd period - Shot by David Savard.
6:07 of 2nd period - Shot Misses the Net.
6:13 of 2nd period - Shot by Nick Suzuki.
6:13 of 2nd period - Deflect By Rickard Rakell.
6:13 of 2nd period - Shot Misses the Net.
6:15 of 2nd period - Shot by Nick Suzuki.
6:15 of 2nd period - Stopped by Darcy Kuemper without a rebound.
6:16 of 2nd period - Brayden Schenn wins face-off versus Luke Glendening in Cunts zone.
6:22 of 2nd period - Off-side.
6:23 of 2nd period - Luke Glendening wins face-off versus Brayden Schenn in neutral zone.
6:56 of 2nd period - Minor Penalty to Luke Schenn for Holding.
6:57 of 2nd period - Nick Suzuki wins face-off versus Artemi Panarin in Cunts zone.
7:00 of 2nd period - Shot by Nipples Tenderloin.
7:00 of 2nd period - Shot Misses the Net.
7:02 of 2nd period - Shot by David Savard.
7:02 of 2nd period - Shot Misses the Net.
7:27 of 2nd period - Shot by Nick Suzuki.
7:27 of 2nd period - Shot Misses the Net.
7:29 of 2nd period - Shot by Rickard Rakell.
7:29 of 2nd period - Deflect By Nipples Tenderloin.
7:29 of 2nd period - Stopped by Darcy Kuemper with a rebound.
7:31 of 2nd period - Shot by David Savard.
7:31 of 2nd period - Stopped by Darcy Kuemper without a rebound.
7:32 of 2nd period - Rod Tapper wins face-off versus Matt Duchene in Cunts zone.
7:55 of 2nd period - Shot by Jamie Benn.
7:55 of 2nd period - Shot Misses the Net.
8:00 of 2nd period - Johnny Gaudreau is hit by Andrew Peeke and loses puck.
9:02 of 2nd period - Nazem Kadri is hit by Sean Durzi and loses puck.
9:30 of 2nd period - Brayden Schenn is hit by Sean Durzi and loses puck.
9:33 of 2nd period - Shot by Brayden Schenn.
9:33 of 2nd period - Shot Misses the Net.
9:57 of 2nd period - Shot by Rickard Rakell.
9:57 of 2nd period - Stopped by Darcy Kuemper without a rebound.
9:58 of 2nd period - Nick Suzuki wins face-off versus Brock Boeser in Cunts zone.
10:12 of 2nd period - Icing by Brock Boeser.
10:13 of 2nd period - Tyler Seguin wins face-off versus Andre Burakovsky in Cunts zone.
10:36 of 2nd period - Shot by Johnny Gaudreau.
10:36 of 2nd period - Shot Blocked by Jake McCabe.
11:05 of 2nd period - Icing by David Savard.
11:06 of 2nd period - Tyler Seguin wins face-off versus Artemi Panarin in Bunnies zone.
11:08 of 2nd period - Icing by Nipples Tenderloin.
11:09 of 2nd period - Tyler Seguin wins face-off versus Bo Horvat in Bunnies zone.
11:09 of 2nd period - Nipples Tenderloin is hit by Artemi Panarin and loses puck.
11:38 of 2nd period - Shot by Brayden Schenn.
11:38 of 2nd period - Stopped by Darcy Kuemper without a rebound.
11:39 of 2nd period - Brayden Schenn wins face-off versus Luke Glendening in Cunts zone.
11:40 of 2nd period - Shot by Vladimir Tarasenko.
11:40 of 2nd period - Stopped by Darcy Kuemper with a rebound.
11:52 of 2nd period - Shot by Dylan DeMelo.
11:52 of 2nd period - Stopped by Semyon Varlamov without a rebound.
11:53 of 2nd period - Gabriel Vilardi wins face-off versus Brayden Schenn in Bunnies zone.
12:00 of 2nd period - Shot by Brock Boeser.
12:00 of 2nd period - Stopped by Semyon Varlamov without a rebound.
12:01 of 2nd period - Jamie Benn wins face-off versus Bo Horvat in Bunnies zone.
12:08 of 2nd period - Dylan DeMelo is hit by Jamie Benn and loses puck.
13:19 of 2nd period - Shot by Andre Burakovsky.
13:19 of 2nd period - Shot Misses the Net.
13:21 of 2nd period - Shot by Luke Schenn.
13:21 of 2nd period - Stopped by Semyon Varlamov without a rebound.
13:22 of 2nd period - Brayden Schenn wins face-off versus Blake Wheeler in Bunnies zone.
13:54 of 2nd period - Blake Wheeler is hit by Brayden Schenn and loses puck.
14:03 of 2nd period - Shot by Nazem Kadri.
14:03 of 2nd period - Shot Misses the Net.
14:28 of 2nd period - Artemi Panarin is hit by Radko Gudas and loses puck.
14:35 of 2nd period - Shot by Bo Horvat.
14:35 of 2nd period - Shot Misses the Net.
14:41 of 2nd period - Shot by Bo Horvat.
14:41 of 2nd period - Stopped by Semyon Varlamov without a rebound.
14:42 of 2nd period - Nick Suzuki wins face-off versus Brock Boeser in Bunnies zone.
14:42 of 2nd period - Nick Suzuki is hit by Gabriel Vilardi.
15:04 of 2nd period - Icing by Dylan DeMelo.
15:05 of 2nd period - Gabriel Vilardi wins face-off versus Brayden Schenn in Cunts zone.
15:22 of 2nd period - Icing by David Savard.
15:23 of 2nd period - Bo Horvat wins face-off versus Nazem Kadri in Bunnies zone.
16:33 of 2nd period - Shot by Brock Boeser.
16:33 of 2nd period - Shot Misses the Net.
16:35 of 2nd period - Shot by Brock Boeser.
16:35 of 2nd period - Deflect By Gabriel Vilardi.
16:35 of 2nd period - Stopped by Semyon Varlamov with a rebound.
16:45 of 2nd period - Shot by Andre Burakovsky.
16:45 of 2nd period - Shot Blocked by Brenden Dillon.
16:47 of 2nd period - Shot by Brock Boeser.
16:47 of 2nd period - Shot Misses the Net.
16:49 of 2nd period - Shot by Dylan DeMelo.
16:49 of 2nd period - Shot Hit the Post.
16:51 of 2nd period - Shot by Gabriel Vilardi.
16:51 of 2nd period - Shot Misses the Net.
16:53 of 2nd period - Shot by Travis Sanheim.
16:53 of 2nd period - Stopped by Semyon Varlamov without a rebound.
16:54 of 2nd period - Nick Suzuki wins face-off versus Keegan Kolesar in Bunnies zone.
16:59 of 2nd period - Jake McCabe is hit by Rickard Rakell.
17:05 of 2nd period - Shot by Nipples Tenderloin.
17:05 of 2nd period - Stopped by Darcy Kuemper without a rebound.
17:06 of 2nd period - Rickard Rakell wins face-off versus Luke Glendening in Cunts zone.
17:06 of 2nd period - Nipples Tenderloin is hit by Sean Durzi.
17:09 of 2nd period - Icing by Oliver Ekman-Larsson.
17:10 of 2nd period - Luke Glendening wins face-off versus Nick Suzuki in Cunts zone.
17:34 of 2nd period - Icing by Jeff Petry.
17:35 of 2nd period - Nick Suzuki wins face-off versus Bo Horvat in Bunnies zone.
17:35 of 2nd period - Nick Suzuki is hit by Rod Tapper.
17:43 of 2nd period - Erik Karlsson is hit by Rod Tapper and loses puck.
17:49 of 2nd period - Nick Suzuki is hit by Jake McCabe and loses puck.
18:07 of 2nd period - Bo Horvat is hit by Jeff Petry and loses puck.
18:29 of 2nd period - Off-side.
18:30 of 2nd period - Gabriel Vilardi wins face-off versus Jamie Benn in neutral zone.
18:30 of 2nd period - Dylan DeMelo is hit by Matt Duchene and loses puck.
18:52 of 2nd period - Shot by Andre Burakovsky.
18:52 of 2nd period - Shot Misses the Net.
19:17 of 2nd period - Icing by Travis Sanheim.
19:18 of 2nd period - Brayden Schenn wins face-off versus Gabriel Vilardi in Cunts zone.
19:23 of 2nd period - Shot by Brayden Schenn.
19:23 of 2nd period - Shot Misses the Net.
19:25 of 2nd period - Shot by Nick Jensen.
19:25 of 2nd period - Stopped by Darcy Kuemper with a rebound.
19:37 of 2nd period - Shot by Nazem Kadri.
19:37 of 2nd period - Shot Blocked by Travis Sanheim.
19:39 of 2nd period - Shot by Nick Jensen.
19:39 of 2nd period - Shot Misses the Net.
Goals for this period are 1 for Bunnies vs 0 for Cunts.
Shots for this period are 18 for Bunnies vs 8 for Cunts.

3rd period


0:01 of 3rd period - Bo Horvat wins face-off versus Tyler Seguin in neutral zone.
0:24 of 3rd period - Shot by Artemi Panarin.
0:24 of 3rd period - Stopped by Semyon Varlamov with a rebound.
0:34 of 3rd period - Shot by Artemi Panarin.
0:34 of 3rd period - Shot Misses the Net.
0:36 of 3rd period - Shot by Bo Horvat.
0:36 of 3rd period - Shot Misses the Net.
0:38 of 3rd period - Shot by Rod Tapper.
0:38 of 3rd period - Shot Misses the Net.
0:53 of 3rd period - Minor Penalty to Jeff Petry for Interference.
0:54 of 3rd period - Nick Suzuki wins face-off versus Andre Burakovsky in Bunnies zone.
1:06 of 3rd period - Shot by Brock Boeser.
1:06 of 3rd period - Goal by Brock Boeser - Bunnies : 3 - Cunts : 3.
1:07 of 3rd period - Luke Glendening wins face-off versus Nazem Kadri in neutral zone.
1:07 of 3rd period - Dylan DeMelo is hit by Brayden Schenn and loses puck.
1:30 of 3rd period - Shot by Nick Jensen.
1:30 of 3rd period - Stopped by Darcy Kuemper with a rebound.
1:59 of 3rd period - Icing by Travis Sanheim.
2:00 of 3rd period - Luke Glendening wins face-off versus Jamie Benn in Cunts zone.
2:17 of 3rd period - Shot by Johnny Gaudreau.
2:17 of 3rd period - Stopped by Darcy Kuemper without a rebound.
2:18 of 3rd period - Nick Suzuki wins face-off versus Bo Horvat in Cunts zone.
2:25 of 3rd period - Shot by Nipples Tenderloin.
2:25 of 3rd period - Stopped by Darcy Kuemper with a rebound.
2:33 of 3rd period - Shot by Nick Suzuki.
2:33 of 3rd period - Shot Blocked by Andrew Peeke.
2:35 of 3rd period - Shot by Brenden Dillon.
2:35 of 3rd period - Shot Misses the Net.
2:37 of 3rd period - Shot by Brenden Dillon.
2:37 of 3rd period - Stopped by Darcy Kuemper with a rebound.
2:39 of 3rd period - Shot by Nipples Tenderloin.
2:39 of 3rd period - Deflect By Nick Suzuki.
2:39 of 3rd period - Shot Misses the Net.
3:18 of 3rd period - Justin Holl is hit by David Savard and loses puck.
4:03 of 3rd period - Shot by Luke Glendening.
4:03 of 3rd period - Stopped by Semyon Varlamov without a rebound.
4:04 of 3rd period - Brayden Schenn wins face-off versus Artemi Panarin in Bunnies zone.
4:04 of 3rd period - Brayden Schenn is hit by Jonathan Drouin.
4:18 of 3rd period - Shot by Vladimir Tarasenko.
4:18 of 3rd period - Shot Misses the Net.
4:32 of 3rd period - Minor Penalty to Jonathan Drouin for Hooking.
4:33 of 3rd period - Rod Tapper wins face-off versus Nick Suzuki in Cunts zone.
5:43 of 3rd period - Shot by Johnny Gaudreau.
5:43 of 3rd period - Deflect By Matt Duchene.
5:43 of 3rd period - Goal by Matt Duchene - Bunnies : 4 - Cunts : 3.
5:44 of 3rd period - Luke Glendening wins face-off versus Brayden Schenn in neutral zone.
6:10 of 3rd period - Shot by Blake Wheeler.
6:10 of 3rd period - Stopped by Semyon Varlamov without a rebound.
6:11 of 3rd period - Tyler Seguin wins face-off versus Gabriel Vilardi in Bunnies zone.
6:59 of 3rd period - Icing by Luke Schenn.
7:00 of 3rd period - Brayden Schenn wins face-off versus Gabriel Vilardi in Cunts zone.
7:01 of 3rd period - Shot by Nazem Kadri.
7:01 of 3rd period - Shot Misses the Net.
7:08 of 3rd period - Minor Penalty to Radko Gudas for Goalie Interference.
7:09 of 3rd period - Artemi Panarin wins face-off versus Nick Suzuki in Bunnies zone.
7:14 of 3rd period - Shot by Artemi Panarin.
7:14 of 3rd period - Stopped by Semyon Varlamov without a rebound.
7:15 of 3rd period - Bo Horvat wins face-off versus Nipples Tenderloin in Bunnies zone.
7:33 of 3rd period - Shot by Artemi Panarin.
7:33 of 3rd period - Shot Misses the Net.
7:35 of 3rd period - Shot by Justin Holl.
7:35 of 3rd period - Shot Blocked by Johnny Gaudreau.
7:37 of 3rd period - Shot by Jake McCabe.
7:37 of 3rd period - Shot Misses the Net.
7:39 of 3rd period - Shot by Jake McCabe.
7:39 of 3rd period - Shot Blocked by Filip Hronek.
7:41 of 3rd period - Shot by Bo Horvat.
7:41 of 3rd period - Stopped by Semyon Varlamov with a rebound.
7:43 of 3rd period - Shot by Justin Holl.
7:43 of 3rd period - Shot Misses the Net.
7:45 of 3rd period - Shot by Rod Tapper.
7:45 of 3rd period - Shot Misses the Net.
7:47 of 3rd period - Shot by Rod Tapper.
7:47 of 3rd period - Stopped by Semyon Varlamov with a rebound.
8:15 of 3rd period - Shot by Andrew Peeke.
8:15 of 3rd period - Shot Misses the Net.
8:17 of 3rd period - Shot by Andrew Peeke.
8:17 of 3rd period - Shot Misses the Net.
8:19 of 3rd period - Shot by Andre Burakovsky.
8:19 of 3rd period - Shot Misses the Net.
8:21 of 3rd period - Shot by Andrew Peeke.
8:21 of 3rd period - Shot Misses the Net.
8:23 of 3rd period - Shot by Brock Boeser.
8:23 of 3rd period - Shot Blocked by Jeff Petry.
8:25 of 3rd period - Shot by Gabriel Vilardi.
8:25 of 3rd period - Shot Blocked by Jeff Petry.
8:27 of 3rd period - Shot by Brock Boeser.
8:27 of 3rd period - Shot Misses the Net.
8:29 of 3rd period - Shot by Andrew Peeke.
8:29 of 3rd period - Stopped by Semyon Varlamov with a rebound.
8:31 of 3rd period - Shot by Luke Schenn.
8:31 of 3rd period - Shot Misses the Net.
9:05 of 3rd period - Shot by Bo Horvat.
9:05 of 3rd period - Deflect By Artemi Panarin.
9:05 of 3rd period - Stopped by Semyon Varlamov without a rebound.
9:06 of 3rd period - Nick Suzuki wins face-off versus Gabriel Vilardi in Bunnies zone.
9:40 of 3rd period - Shot by Matt Duchene.
9:40 of 3rd period - Stopped by Darcy Kuemper with a rebound.
10:07 of 3rd period - Oliver Ekman-Larsson is hit by Jeff Petry.
10:44 of 3rd period - Shot by Rickard Rakell.
10:44 of 3rd period - Shot Misses the Net.
10:46 of 3rd period - Shot by Radko Gudas.
10:46 of 3rd period - Shot Misses the Net.
10:48 of 3rd period - Shot by Nipples Tenderloin.
10:48 of 3rd period - Stopped by Darcy Kuemper without a rebound.
10:49 of 3rd period - Bo Horvat wins face-off versus Jamie Benn in Cunts zone.
11:01 of 3rd period - Shot by Rod Tapper.
11:01 of 3rd period - Shot Misses the Net.
11:03 of 3rd period - Shot by Jake McCabe.
11:03 of 3rd period - Stopped by Semyon Varlamov with a rebound.
11:13 of 3rd period - Shot by Artemi Panarin.
11:13 of 3rd period - Shot Misses the Net.
11:15 of 3rd period - Shot by Jake McCabe.
11:15 of 3rd period - Shot Blocked by Nick Jensen.
11:49 of 3rd period - Shot by Brock Boeser.
11:49 of 3rd period - Deflect By Gabriel Vilardi.
11:49 of 3rd period - Shot Misses the Net.
11:51 of 3rd period - Shot by Andre Burakovsky.
11:51 of 3rd period - Shot Misses the Net.
11:59 of 3rd period - Shot by Gabriel Vilardi.
11:59 of 3rd period - Stopped by Semyon Varlamov without a rebound.
12:00 of 3rd period - Nick Suzuki wins face-off versus Luke Glendening in Bunnies zone.
12:02 of 3rd period - Icing by David Savard.
12:03 of 3rd period - Nick Suzuki wins face-off versus Luke Glendening in Bunnies zone.
12:16 of 3rd period - Shot by Rickard Rakell.
12:16 of 3rd period - Stopped by Darcy Kuemper with a rebound.
12:18 of 3rd period - Shot by David Savard.
12:18 of 3rd period - Stopped by Darcy Kuemper without a rebound.
12:19 of 3rd period - Artemi Panarin wins face-off versus Vladimir Tarasenko in Cunts zone.
12:19 of 3rd period - Artemi Panarin is hit by Nazem Kadri.
12:43 of 3rd period - Shot by Jonathan Drouin.
12:43 of 3rd period - Stopped by Semyon Varlamov without a rebound.
12:44 of 3rd period - Nick Suzuki wins face-off versus Gabriel Vilardi in Bunnies zone.
12:49 of 3rd period - Off-side.
12:50 of 3rd period - Nick Suzuki wins face-off versus Gabriel Vilardi in neutral zone.
13:24 of 3rd period - Shot by Andre Burakovsky.
13:24 of 3rd period - Shot Misses the Net.
13:30 of 3rd period - Shot by Andre Burakovsky.
13:30 of 3rd period - Stopped by Semyon Varlamov with a rebound.
14:42 of 3rd period - Blake Wheeler is hit by Brenden Dillon and loses puck.
14:53 of 3rd period - Shot by Blake Wheeler.
14:53 of 3rd period - Stopped by Semyon Varlamov with a rebound.
14:55 of 3rd period - Shot by Blake Wheeler.
14:55 of 3rd period - Shot Misses the Net.
14:57 of 3rd period - Shot by Keegan Kolesar.
14:57 of 3rd period - Stopped by Semyon Varlamov without a rebound.
14:58 of 3rd period - Jamie Benn wins face-off versus Andre Burakovsky in Bunnies zone.
15:00 of 3rd period - Icing by Johnny Gaudreau.
15:01 of 3rd period - Gabriel Vilardi wins face-off versus Johnny Gaudreau in Bunnies zone.
15:01 of 3rd period - Gabriel Vilardi is hit by Filip Hronek.
15:15 of 3rd period - Shot by Andre Burakovsky.
15:15 of 3rd period - Stopped by Semyon Varlamov without a rebound.
15:16 of 3rd period - Bo Horvat wins face-off versus Nick Suzuki in Bunnies zone.
15:23 of 3rd period - Shot by Artemi Panarin.
15:23 of 3rd period - Shot Misses the Net.
15:25 of 3rd period - Shot by Bo Horvat.
15:25 of 3rd period - Stopped by Semyon Varlamov without a rebound.
15:26 of 3rd period - Artemi Panarin wins face-off versus Jamie Benn in Bunnies zone.
16:32 of 3rd period - Shot by Andre Burakovsky.
16:32 of 3rd period - Shot Misses the Net.
16:47 of 3rd period - Minor Penalty to Filip Hronek for Hooking.
16:48 of 3rd period - Bo Horvat wins face-off versus Nipples Tenderloin in Bunnies zone.
16:51 of 3rd period - Shot by Bo Horvat.
16:51 of 3rd period - Deflect By Rod Tapper.
16:51 of 3rd period - Stopped by Semyon Varlamov with a rebound.
16:53 of 3rd period - Shot by Bo Horvat.
16:53 of 3rd period - Stopped by Semyon Varlamov without a rebound.
16:54 of 3rd period - Nipples Tenderloin wins face-off versus Gabriel Vilardi in Bunnies zone.
17:19 of 3rd period - Shot by Gabriel Vilardi.
17:19 of 3rd period - Stopped by Semyon Varlamov without a rebound.
17:20 of 3rd period - Bo Horvat wins face-off versus Nick Suzuki in Bunnies zone.
17:31 of 3rd period - Shot by Bo Horvat.
17:31 of 3rd period - Stopped by Semyon Varlamov without a rebound.
17:32 of 3rd period - Nick Suzuki wins face-off versus Bo Horvat in Bunnies zone.
17:47 of 3rd period - David Savard is hit by Rod Tapper and loses puck.
18:04 of 3rd period - Shot by Bo Horvat.
18:04 of 3rd period - Shot Blocked by David Savard.
18:06 of 3rd period - Shot by Jake McCabe.
18:06 of 3rd period - Stopped by Semyon Varlamov without a rebound.
18:07 of 3rd period - Gabriel Vilardi wins face-off versus Nipples Tenderloin in Bunnies zone.
18:08 of 3rd period - Shot by Andre Burakovsky.
18:08 of 3rd period - Shot Misses the Net.
18:30 of 3rd period - Cunts, Darcy Kuemper is pulled from the net.
19:34 of 3rd period - Icing by Luke Glendening.
19:35 of 3rd period - Darcy Kuemper from Cunts was sent back in the game.
19:35 of 3rd period - Blake Wheeler wins face-off versus Nick Suzuki in Cunts zone.
19:54 of 3rd period - Shot by Nick Suzuki.
19:54 of 3rd period - Shot Misses the Net.
19:57 of 3rd period - David Savard is hit by Luke Schenn and loses puck.
Goals for this period are 1 for Bunnies vs 1 for Cunts.
Shots for this period are 9 for Bunnies vs 22 for Cunts.